[Event "Titled Tuesday Blitz June 13 Early 2023"]
[White "Liu, Casper"]
[Black "Wojtaszek, Radoslaw"]
[WhiteFideId "1454153"]
[BlackFideId "1118358"]
[WhiteElo "2221"]
[BlackElo "2586"]
[Result "0-1"]
[Round "2"]
[TimeControl "180+2"]
[Date "2023.06.13"]
[WhiteClock "0:01:33"]
[BlackClock "0:00:36"]
[Board "65"]

1. d4 Nf6 2. Bf4 d5 3. e3 Bf5 4. Nf3 e6 5. Nbd2 Bd6 6. Bg3 O-O 7. Be2 c5 8. Bxd6 Qxd6 9. O-O Nc6 10. c4 cxd4 11. exd4 dxc4 12. Nxc4 Qe7 13. Ne3 Be4 14. Ne5 Rfd8 15. Nxc6 Bxc6 16. Bf3 Bxf3 17. Qxf3 Rxd4 18. Rfe1 g6 19. h3 Rad8 20. Rac1 h5 21. Qg3 Ne4 22. Qe5 Qd6 23. Qb5 Qf4 24. Rf1 Nxf2 25. Rxf2 Qxe3 26. Rf1 Rd1 27. Kh2 Rxf1 28. Qxf1 Rd7 29. Re2 Qd4 30. Qf3 Rd5 31. Rc2 Kg7 32. Rc7 Qe5+ 33. Qg3 Qxg3+ 34. Kxg3 Rb5 35. b3 Rb4 36. Kf3 a5 37. Ke3 a4 38. bxa4 Rxa4 39. Rxb7 Rxa2 40. Kf3 Ra3+ 41. Kf2 g5 42. Rb4 Kg6 43. Rc4 f5 44. Rb4 Kf6 45. Rb5 f4 46. Rc5 e5 47. Rb5 Kf5 48. Rb8 g4 49. hxg4+ hxg4 50. Ke2 Ra2+ 51. Kf1 g3 52. Rb3 Ra1+ 53. Ke2 Rg1 54. Kf3 Rf1+ 55. Ke2 Rf2+ 0-1


[Site "https://www.chess.com"]

[Event "Titled Tuesday Blitz June 13 Early 2023"]
[White "Arat, Ufuk Sezen"]
[Black "Vakhlamov, Igor L."]
[WhiteFideId "6309089"]
[BlackFideId "24126748"]
[WhiteElo "2289"]
[BlackElo "2407"]
[Result "1-0"]
[Round "2"]
[TimeControl "180+2"]
[Date "2023.06.13"]
[WhiteClock "0:00:18"]
[BlackClock "0:00:05"]
[Board "66"]

1. e4 c5 2. Nf3 e6 3. d4 cxd4 4. Nxd4 Nf6 5. Nc3 Nc6 6. Ndb5 Bc5 7. Bf4 O-O 8. Bc7 Qe7 9. Bd6 Bxd6 10. Qxd6 Qd8 11. Qd2 d5 12. exd5 exd5 13. O-O-O Qa5 14. Kb1 Be6 15. Nd4 Nxd4 16. Qxd4 Rfc8 17. Bd3 Rc6 18. Qa4 Qb6 19. Ka1 Rac8 20. f3 a6 21. Ne2 Qf2 22. Qd4 Qxd4 23. Nxd4 R6c7 24. Rhe1 Bd7 25. c3 Kf8 26. g4 h6 27. h4 Ne8 28. Bc2 Nd6 29. Ne2 Bc6 30. Nf4 d4 31. Rxd4 Nb5 32. Rd2 Bxf3 33. a4 Na7 34. g5 Nc6 35. Rf2 Bg4 36. Rg1 h5 37. Bb3 Ne5 38. Be6 Re8 39. Bxg4 Nxg4 40. Rf3 Kg8 41. Rd1 g6 42. Rd4 Re5 43. Nd5 Rd7 44. c4 Kg7 45. Ka2 b5 46. axb5 axb5 47. b3 bxc4 48. bxc4 Rb7 49. Rb3 Re2+ 50. Ka3 Ra7+ 51. Kb4 Ne5 52. Kc5 Ra5+ 53. Kb6 Ra4 54. Rb4 Ra8 55. c5 Rc2 56. Nc7 Rb8+ 57. Ka6 Rc8 58. Rb7 Rxc5 59. Ne6+ Kh7 60. Nxc5 Rxc5 61. Rd8 Rc6+ 62. Kb5 Re6 63. Rbb8 f5 64. Rh8+ Kg7 65. Rbf8 Nf7 66. Rhg8+ Kh7 67. Rb8 Re7 68. Rgf8 Nd6+ 69. Kc6 Nf7 70. Rfc8 Kg7 71. Rc7 Re6+ 72. Kd5 Re5+ 73. Kd4 Re4+ 74. Kd3 Re5 75. Rbb7 Rd5+ 76. Ke3 Re5+ 77. Kf3 Re4 78. Rxf7+ Kg8 79. Rg7+ Kf8 80. Rgc7 Re8 81. Ra7 Rb8 82. Rf7+ Kg8 83. Rg7+ Kh8 84. Rh7+ Kg8 85. Rag7+ Kf8 86. Rh8+ Kxg7 87. Rxb8 Kf7 88. Rb6 Kg7 89. Rf6 Kh7 90. Kf4 Kg7 91. Ke5 Kh7 92. Ke6 Kg7 93. Ke7 f4 94. Rxf4 Kg8 95. Kf6 Kh7 96. Re4 Kh8 97. Re7 Kg8 98. Kxg6 Kf8 99. Re6 Kg8 100. Re8# 1-0


[Site "https://www.chess.com"]

[Event "Titled Tuesday Blitz June 13 Early 2023"]
[White "Ilamparthi A R"]
[Black "Lehtosaari, Mauri"]
[WhiteFideId "45015775"]
[BlackFideId "501999"]
[WhiteElo "2348"]
[BlackElo "2542"]
[Result "0-1"]
[Round "2"]
[TimeControl "180+2"]
[Date "2023.06.13"]
[WhiteClock "0:00:08"]
[BlackClock "0:00:10"]
[Board "67"]

1. e4 c5 2. Nf3 e6 3. d3 Nc6 4. g3 Nf6 5. Bg2 d6 6. O-O Be7 7. Re1 O-O 8. c3 Bd7 9. d4 cxd4 10. cxd4 d5 11. e5 Ne4 12. Nbd2 Nxd2 13. Bxd2 Qb6 14. Bc3 a5 15. Rc1 a4 16. a3 Na5 17. h4 Nc4 18. Rb1 Rac8 19. h5 h6 20. g4 f6 21. exf6 Bxf6 22. Qe2 Rf7 23. Rbd1 Nxa3 24. g5 hxg5 25. Ne5 Bxe5 26. Qxe5 Rf5 27. Qg3 Nc4 28. Bh3 Rf6 29. Re2 Rcf8 30. Qxg5 Nd6 31. Bg2 Nf5 32. Rd3 Bb5 33. Red2 Bxd3 34. Rxd3 a3 35. b4 a2 36. Qd2 Nd6 37. Qxa2 Ne4 38. Bxe4 dxe4 39. Rg3 Rxf2 40. Qc4 Qc6 41. Qxc6 bxc6 42. d5 Rf1+ 43. Kg2 R8f2+ 44. Kh3 Rf3 45. dxc6 Rxg3+ 46. Kxg3 Rf3+ 47. Kg4 Rxc3 48. b5 Rc5 49. Kf4 Rxb5 0-1


[Site "https://www.chess.com"]

[Event "Titled Tuesday Blitz June 13 Early 2023"]
[White "Jaskolka, Tomasz"]
[Black "Weetik, Vjacheslav"]
[WhiteFideId "1170791"]
[BlackFideId "4153472"]
[WhiteElo "2155"]
[BlackElo "2469"]
[Result "0-1"]
[Round "2"]
[TimeControl "180+2"]
[Date "2023.06.13"]
[WhiteClock "0:00:04"]
[BlackClock "0:00:05"]
[Board "68"]

1. d4 Nf6 2. Nc3 d5 3. Bf4 c5 4. e4 Nxe4 5. Nxe4 dxe4 6. dxc5 Qa5+ 7. c3 Qxc5 8. Qa4+ Nc6 9. Qxe4 g6 10. Nf3 Bg7 11. Bc4 O-O 12. O-O Bf5 13. Qd5 Qb6 14. Qb5 Rfc8 15. Qxb6 axb6 16. Rfe1 Bf6 17. a3 Na5 18. Ba2 b5 19. Be5 Nc4 20. Bxf6 exf6 21. Nd4 Bd7 22. Re7 Rd8 23. Rae1 Kf8 24. R7e2 Ra6 25. Nb3 Rc8 26. Rd1 Re6 27. Rxe6 Bxe6 28. Nd4 Nxb2 29. Nxe6+ fxe6 30. Rb1 Rxc3 31. Kf1 Nd3 32. Rxb5 Rc2 33. Bxe6 Rxf2+ 34. Kg1 Re2 35. h3 Rxe6 36. Rxb7 h5 37. a4 Ra6 38. Rd7 Nf4 39. Kh2 Rxa4 40. Rb7 h4 41. Kg1 Ra2 42. Kh1 g5 43. Rb6 Kg7 44. Rb7+ Kg6 45. Rb6 Nxg2 46. Kg1 Nf4 47. Kh1 Ra1+ 48. Kh2 Ra3 49. Kg1 Nxh3+ 50. Kh2 Nf4 51. Rb2 Rd3 52. Rb1 Rd2+ 53. Kh1 g4 54. Rb4 Kg5 55. Rb5+ f5 56. Rb8 Nh3 57. Rg8+ Kf6 58. Rg6+ Ke5 59. Re6+ Kf4 60. Re4+ Kf3 61. Re3+ Kf2 62. Re1 Ng5 63. Ra1 Ke3 64. Rf1 f4 65. Re1+ Kd4 66. Ra1 Ke3 67. Ra3+ Rd3 68. Ra2 g3 69. Kg2 h3+ 70. Kh1 Rd1# 0-1


[Site "https://www.chess.com"]

[Event "Titled Tuesday Blitz June 13 Early 2023"]
[White "Hajiyev, Kanan"]
[Black "Aradhya, Garg"]
[WhiteFideId "13404148"]
[BlackFideId "25006746"]
[WhiteElo "2115"]
[BlackElo "2263"]
[Result "1/2-1/2"]
[Round "2"]
[TimeControl "180+2"]
[Date "2023.06.13"]
[WhiteClock "0:00:07"]
[BlackClock "0:00:27"]
[Board "69"]

1. d4 d5 2. Nf3 Nf6 3. c4 c6 4. cxd5 cxd5 5. Nc3 Nc6 6. Bg5 Ne4 7. Bf4 Bf5 8. Qb3 Nxc3 9. bxc3 Qc8 10. Qxd5 e6 11. Qb3 Be7 12. e3 O-O 13. Rc1 Na5 14. Qa4 b6 15. Be2 Qb7 16. O-O Rac8 17. Ne5 f6 18. Bf3 Be4 19. Bxe4 Qxe4 20. Nf3 e5 21. Bg3 exd4 22. cxd4 Qd5 23. Rfe1 f5 24. Ne5 Bd6 25. Rxc8 Rxc8 26. Qd7 Rf8 27. Nd3 Nc4 28. Nb4 Qf7 29. Qxf7+ Kxf7 30. Bxd6 Nxd6 31. Nc6 Rc8 32. Ne5+ Ke6 33. g3 Rc2 34. a4 Ne4 35. f3 Ng5 36. a5 Nh3+ 37. Kh1 Nf2+ 38. Kg1 Nh3+ 39. Kh1 Nf2+ 40. Kg1 b5 41. a6 Nh3+ 42. Kh1 Nf2+ 43. Kg1 Nh3+ 44. Kh1 Nf2+ 45. Kg1 1/2-1/2


[Site "https://www.chess.com"]

[Event "Titled Tuesday Blitz June 13 Early 2023"]
[White "Shuvalova, Polina"]
[Black "Fieberg, Samuel"]
[WhiteFideId "24171760"]
[BlackFideId "12901717"]
[WhiteElo "2281"]
[BlackElo "2540"]
[Result "1/2-1/2"]
[Round "2"]
[TimeControl "180+2"]
[Date "2023.06.13"]
[WhiteClock "0:00:02"]
[BlackClock "0:00:04"]
[Board "70"]

1. e4 e6 2. d4 d5 3. exd5 exd5 4. Nf3 Nc6 5. Bd3 Bd6 6. c3 Nge7 7. O-O Bf5 8. Re1 Qd7 9. Bg5 f6 10. Bh4 O-O-O 11. Bg3 Bxg3 12. hxg3 Bg4 13. Nbd2 h5 14. Qc2 Nf5 15. Nf1 h4 16. N1h2 Nd6 17. Nxg4 Qxg4 18. Nxh4 Rxh4 19. gxh4 Rh8 20. g3 g5 21. Qe2 Qxe2 22. Rxe2 gxh4 23. Kg2 hxg3 24. fxg3 Kd7 25. Rf1 Rh6 26. Ref2 Ne8 27. Rh1 Rxh1 28. Kxh1 Ne7 29. Kg2 c6 30. Rf1 Ke6 31. Re1+ Kf7 32. Rh1 Nd6 33. g4 Ke6 34. Re1+ Kf7 35. Kf3 a5 36. a4 Ne8 37. Rh1 Nd6 38. Kf4 Ke6 39. Bf5+ Nexf5 40. gxf5+ Ke7 41. Rh7+ Nf7 42. Rh2 Nd6 43. Re2+ Kf7 44. Re6 Nc4 45. Re2 Nd6 46. Rh2 Ke7 47. b3 Ke8 48. Rh8+ Kd7 49. Rh7+ Ke8 50. Kg4 Kd8 51. Rh8+ Kd7 52. Ra8 b6 53. Ra7+ Ke8 54. Ra6 Nc8 55. Ra8 Kd7 56. Rxc8 Kxc8 57. Kh5 Kd8 58. Kg6 Ke7 59. Kg7 c5 60. Kg6 c4 61. bxc4 dxc4 62. d5 b5 63. axb5 a4 64. b6 Kd7 65. Kxf6 a3 66. b7 Kc7 67. Ke7 a2 68. d6+ Kxb7 69. d7 a1=Q 70. d8=Q Qxc3 71. Qd5+ Kb6 72. f6 Qb4+ 73. Ke8 c3 74. f7 c2 75. Qe6+ Kb7 76. Qd5+ Kb8 77. Qd8+ Kb7 78. Qd7+ Kb8 79. Qd8+ Kb7 80. Qd5+ Kb8 81. Qe5+ Kb7 82. Qd5+ 1/2-1/2


[Site "https://www.chess.com"]

[Event "Titled Tuesday Blitz June 13 Early 2023"]
[White "Manukian, Artak"]
[Black "Gadimbayli, Abdulla"]
[WhiteFideId "13301373"]
[BlackFideId "13404938"]
[WhiteElo "2130"]
[BlackElo "2386"]
[Result "0-1"]
[Round "2"]
[TimeControl "180+2"]
[Date "2023.06.13"]
[WhiteClock "0:01:08"]
[BlackClock "0:00:57"]
[Board "71"]

1. e4 e5 2. Nf3 d5 3. Nxe5 Bd6 4. d4 dxe4 5. Nc4 Nf6 6. Nc3 O-O 7. Bg5 Nc6 8. Ne3 Re8 9. Bb5 h6 10. Bh4 Bd7 11. Bxc6 bxc6 12. O-O Rb8 13. Rb1 g5 14. Bg3 Be6 15. b3 Kg7 16. Be5 Bd7 17. Nc4 Qe7 18. Re1 Bf5 19. Nxe4 Bxe5 20. Nxf6 Bxh2+ 21. Kxh2 Qxf6 22. Qd2 Rbd8 23. Rxe8 Rxe8 24. c3 Bxb1 0-1


[Site "https://www.chess.com"]

[Event "Titled Tuesday Blitz June 13 Early 2023"]
[White "Zhao, Jun"]
[Black "Chos, Alexey"]
[WhiteFideId "8602522"]
[BlackFideId "14117762"]
[WhiteElo "2547"]
[BlackElo "2234"]
[Result "0-1"]
[Round "2"]
[TimeControl "180+2"]
[Date "2023.06.13"]
[WhiteClock "0:00:45"]
[BlackClock "0:00:40"]
[Board "72"]

1. Nf3 b6 2. e4 Bb7 3. Nc3 g6 4. d4 Bg7 5. Bd3 e6 6. O-O Ne7 7. Re1 O-O 8. a4 d5 9. e5 c5 10. Nb5 Nc8 11. Bg5 Qd7 12. c3 a6 13. Na3 Nc6 14. Nc2 h6 15. Bf4 N8e7 16. h4 Nf5 17. Qd2 Kh7 18. h5 g5 19. Bxg5 hxg5 20. g4 c4 21. gxf5 cxd3 22. f6 Bh6 23. Qxd3+ Kh8 24. Nh2 g4 25. Kh1 Rg8 26. Rg1 Nxe5 27. dxe5 d4+ 28. f3 g3 29. Nf1 Qd5 30. Nxd4 Qxe5 31. Kg2 Qxf6 32. Re1 Rad8 33. Qe2 Rg5 34. Rh1 e5 35. Nb3 Rf5 36. Nfd2 Bxd2 37. Nxd2 Rxd2 38. Qxd2 Rxf3 39. Kg1 Rf2 0-1


[Site "https://www.chess.com"]

[Event "Titled Tuesday Blitz June 13 Early 2023"]
[White "Kochiev, Ivan"]
[Black "Klukin, Kirill"]
[WhiteFideId "2917890"]
[BlackFideId "24199273"]
[WhiteElo "2287"]
[BlackElo "2344"]
[Result "1-0"]
[Round "2"]
[TimeControl "180+2"]
[Date "2023.06.13"]
[WhiteClock "0:00:06"]
[BlackClock "0:00:06"]
[Board "73"]

1. e4 d6 2. d4 f5 3. Nc3 Nf6 4. Bd3 Nc6 5. Nge2 e5 6. exf5 Nxd4 7. Nxd4 exd4 8. Ne2 c5 9. O-O Be7 10. c3 dxc3 11. Nxc3 d5 12. Re1 O-O 13. Bg5 c4 14. Bf1 Bxf5 15. Re5 Bg6 16. Nxd5 Nxd5 17. Rxd5 Bxg5 18. Rxd8 Raxd8 19. Bxc4+ Kh8 20. Qb3 Bf6 21. h3 Bd4 22. Rf1 b6 23. a4 Bc5 24. Qc3 Bd4 25. Qb3 h6 26. Qg3 Kh7 27. b4 Rf6 28. a5 bxa5 29. bxa5 Rdf8 30. Kh1 Rxf2 31. Rxf2 Bxf2 32. Qc7 Rf6 33. Qd7 Bg3 34. Kg1 Rd6 35. Qg4 Be5 36. Bf1 h5 37. Qf3 Bd4+ 38. Kh2 Rf6 39. Qe2 Rf5 40. Qd1 Be5+ 41. g3 Rf2+ 42. Kg1 Rb2 43. Bd3 Rb8 44. Bxg6+ Kxg6 45. Qd3+ Kf6 46. Qa6+ Kf5 47. Qxa7 Rb1+ 48. Kf2 Rb2+ 49. Ke3 Rb3+ 50. Kd2 Rxg3 51. Qf7+ Ke4 52. Qxh5 Rg2+ 53. Kc1 Rg1+ 54. Kc2 Rg2+ 55. Kb3 Rb2+ 56. Ka4 Bf6 57. Qg4+ Kd5 58. a6 Kc5 59. Qf5+ Kb6 60. Qa5+ Ka7 61. Ka3 Rb6 62. Qc5 Kxa6 63. h4 Kb7 64. h5 Rc6 65. Qd5 Kc7 66. Kb4 Be7+ 67. Kb3 Rb6+ 68. Kc4 Rc6+ 69. Kb5 Rb6+ 70. Ka5 Rf6 71. Qe5+ Kd7 72. Qd4+ Ke8 73. Qg4 Bd8+ 74. Kb5 Kf8 75. Qe4 Be7 76. Kc4 Kf7 77. Qg4 Rc6+ 78. Kd5 Rd6+ 79. Ke5 Rf6 80. Qg3 Kf8 81. Qh3 Bd6+ 82. Kd5 Be7 83. Qc8+ Kf7 84. Qh8 Rd6+ 85. Ke5 Rh6 86. Qc8 Rxh5+ 87. Kf4 Rh6 88. Kg3 Rf6 89. Qc4+ Kf8 90. Qa4 Rg6+ 91. Kf4 Rf6+ 92. Kg3 Rh6 93. Qa8+ Kf7 94. Qd5+ Ke8 95. Qg8+ Bf8 96. Kg4 Ke7 97. Kg5 Re6 98. Kf5 Rf6+ 99. Ke5 Ke8 100. Qd5 Bd6+ 101. Ke4 Ke7 102. Qb7+ Kf8 103. Qc8+ Kf7 104. Qb7+ Be7 105. Qd7 Re6+ 106. Kf5 Rf6+ 107. Ke5 Rd6 108. Qf5+ Rf6 109. Qd7 Rh6 110. Qf5+ Bf6+ 111. Kd6 Kg8 112. Kd7 Rh4 113. Qe6+ Kh7 114. Qf5+ Kh6 115. Ke6 Rh5 116. Qf4+ Kg6 117. Qe4+ Kg5 118. Qf5+ Kh6 119. Qg4 Re5+ 120. Kf7 Rg5 121. Qh4+ Rh5 122. Qf4+ Kh7 123. Qe4+ Kh8 124. Qg6 Re5 125. Qg4 Bg5 126. Qh5+ Bh6 127. Qxe5 Kh7 128. Qf5+ Kh8 129. Qc8+ Kh7 130. Qg8# 1-0


[Site "https://www.chess.com"]

[Event "Titled Tuesday Blitz June 13 Early 2023"]
[White "Maximov, Dmitry"]
[Black "Urbina Perez, Juan Antonio"]
[WhiteFideId "14105659"]
[BlackFideId "2217368"]
[WhiteElo "2494"]
[BlackElo "2197"]
[Result "1-0"]
[Round "2"]
[TimeControl "180+2"]
[Date "2023.06.13"]
[WhiteClock "0:01:08"]
[BlackClock "0:00:10"]
[Board "74"]

1. e4 c5 2. Nf3 e6 3. c3 d5 4. e5 Nc6 5. d4 Qb6 6. a3 f6 7. Bd3 g6 8. O-O Bg7 9. exf6 Nxf6 10. Re1 O-O 11. dxc5 Qxc5 12. b4 Qb6 13. Be3 Qc7 14. c4 a6 15. Nbd2 Kh8 16. Rc1 dxc4 17. Rxc4 e5 18. Rh4 Bg4 19. Bxg6 Qd7 20. Qb1 e4 21. Nxe4 Bxf3 22. Nxf6 Rxf6 23. Rxh7+ Kg8 24. Bh6 Qg4 25. Qb3+ 1-0


[Site "https://www.chess.com"]

[Event "Titled Tuesday Blitz June 13 Early 2023"]
[White "Santos Flores, Alberto"]
[Black "Starozhilov, Leonid"]
[WhiteFideId "3601234"]
[BlackFideId "14106752"]
[WhiteElo "2235"]
[BlackElo "2352"]
[Result "1/2-1/2"]
[Round "2"]
[TimeControl "180+2"]
[Date "2023.06.13"]
[WhiteClock "0:02:10"]
[BlackClock "0:02:29"]
[Board "75"]

1. e4 g6 2. d4 Bg7 3. Nf3 d6 4. Nc3 Nf6 5. Be3 O-O 6. Qd2 Bg4 7. Be2 Nc6 8. O-O-O Bxf3 9. Bxf3 e5 10. dxe5 dxe5 11. Qxd8 Rfxd8 12. Nd5 Nxd5 13. exd5 Nd4 14. Bxd4 exd4 15. Rhe1 Re8 16. Kd2 h5 17. Rxe8+ Rxe8 18. Re1 Rxe1 19. Kxe1 Kf8 20. Kd2 Ke7 1/2-1/2


[Site "https://www.chess.com"]

[Event "Titled Tuesday Blitz June 13 Early 2023"]
[White "Pakleza, Zbigniew"]
[Black "Ladan, Nicholas"]
[WhiteFideId "1119290"]
[BlackFideId "30918855"]
[WhiteElo "2410"]
[BlackElo "2167"]
[Result "1-0"]
[Round "2"]
[TimeControl "180+2"]
[Date "2023.06.13"]
[WhiteClock "0:00:10"]
[BlackClock "0:00:00"]
[Board "76"]

1. d4 d5 2. Bf4 c5 3. e3 Nc6 4. c3 Nf6 5. Nd2 cxd4 6. cxd4 Qb6 7. Qb3 Qxb3 8. Nxb3 Bf5 9. Nf3 e6 10. Bb5 Bb4+ 11. Ke2 O-O 12. Bxc6 bxc6 13. Rhc1 a5 14. a3 Be7 15. Rxc6 Nh5 16. Be5 f6 17. Bc7 Rfc8 18. Rac1 a4 19. Nbd2 g5 20. Ne1 Ng7 21. Nd3 Ne8 22. Bg3 Rxc6 23. Rxc6 h5 24. h4 gxh4 25. Bxh4 Rb8 26. Bg3 Bxd3+ 27. Kxd3 Rxb2 28. Rxe6 Kf7 29. Ra6 Bxa3 30. Rxa4 Bb4 31. Nf3 Bd6 32. Ra7+ Ke6 33. Ra6 Ke7 34. Nh4 Bxg3 35. Nf5+ Kd7 36. Nxg3 Rxf2 37. Nxh5 Rxg2 38. Nf4 Rh2 39. Nxd5 Nd6 40. Nxf6+ Ke6 41. Ne4 1-0


[Site "https://www.chess.com"]

[Event "Titled Tuesday Blitz June 13 Early 2023"]
[White "Shubenkova, Veronika"]
[Black "Csonka, Balazs"]
[WhiteFideId "44124040"]
[BlackFideId "742910"]
[WhiteElo "2060"]
[BlackElo "2404"]
[Result "1/2-1/2"]
[Round "2"]
[TimeControl "180+2"]
[Date "2023.06.13"]
[WhiteClock "0:02:06"]
[BlackClock "0:00:06"]
[Board "77"]

1. e4 e5 2. Nf3 Nf6 3. Nxe5 Nc6 4. Nxc6 dxc6 5. d3 Bc5 6. Be2 h5 7. h3 Qd4 8. O-O Qe5 9. c3 Ng4 10. Bxg4 Bxg4 11. Qc2 Bxh3 12. gxh3 Qe6 13. d4 Qxh3 14. f4 Be7 15. Qg2 Qd7 16. f5 O-O-O 1/2-1/2


[Site "https://www.chess.com"]

[Event "Titled Tuesday Blitz June 13 Early 2023"]
[White "Postny, Evgeny"]
[Black "Akylbek2021"]
[WhiteFideId "2804344"]
[WhiteElo "2504"]
[BlackElo "2477"]
[Result "0-1"]
[Round "2"]
[TimeControl "180+2"]
[Date "2023.06.13"]
[WhiteClock "0:00:00"]
[BlackClock "0:00:24"]
[Board "78"]

1. e4 c5 2. Nf3 Nc6 3. Bb5 d6 4. O-O Bd7 5. c3 a6 6. Bxc6 Bxc6 7. Re1 Nf6 8. e5 dxe5 9. Nxe5 Qd5 10. Nxc6 Qxc6 11. d4 Rd8 12. Be3 e6 13. Nd2 Be7 14. Qf3 Nd5 15. Rad1 O-O 16. dxc5 Bxc5 17. Bxc5 Qxc5 18. Nb3 Qc7 19. Rd2 Nb6 20. Rde2 Nc4 21. h4 Rd5 22. Nd4 h6 23. Qg4 Nd6 24. Nxe6 fxe6 25. Qxe6+ Qf7 26. Qxf7+ Rxf7 27. g3 g5 28. hxg5 hxg5 29. Re5 Rxe5 30. Rxe5 Rf5 31. Re6 Rd5 32. Re7 Rd2 33. Rd7 Kf8 34. b3 Ke8 35. Rg7 Ne4 36. Rxb7 Nxf2 37. a4 Ne4 38. c4 Nxg3 39. c5 Rc2 40. b4 Ne4 41. Rg7 Kf8 42. Rg6 Kf7 43. Rxa6 g4 44. c6 g3 45. Ra7+ Ke6 46. c7 Ng5 47. c8=Q+ Rxc8 48. Kg2 Ne4 0-1


[Site "https://www.chess.com"]

[Event "Titled Tuesday Blitz June 13 Early 2023"]
[White "Kozak, Antoni"]
[Black "ArchibaldCerveza29"]
[WhiteFideId "21832030"]
[WhiteElo "2470"]
[BlackElo "2459"]
[Result "1-0"]
[Round "2"]
[TimeControl "180+2"]
[Date "2023.06.13"]
[WhiteClock "0:00:14"]
[BlackClock "0:00:02"]
[Board "79"]

1. e3 d5 2. b3 e5 3. Bb2 Bd6 4. g3 Nf6 5. Bg2 O-O 6. Ne2 Re8 7. d3 a5 8. a3 c5 9. Nd2 a4 10. O-O axb3 11. cxb3 Nc6 12. Nc3 Bf5 13. e4 dxe4 14. dxe4 Be6 15. Nd5 Nd4 16. Nc4 Bxd5 17. exd5 b5 18. Ne3 Bf8 19. a4 Qb6 20. Bc3 Ra6 21. Re1 Rea8 22. a5 Qd8 23. Qd3 Nxb3 24. Qxb5 Nxa1 25. Rxa1 e4 26. Qc4 Be7 27. Rd1 Qd7 28. h3 h6 29. Kh2 R8a7 30. Bf1 Ra8 31. Qxa6 Rxa6 32. Bxa6 Bd6 33. Be2 Qa4 34. a6 Qa3 35. Ba1 Qa2 36. Re1 Qa5 37. Nc2 Nxd5 38. Bb2 Nb4 39. Ra1 Na2 40. Bc4 Qd2 41. Kg1 Qxc2 42. a7 Qxb2 43. a8=Q+ Kh7 44. Qxe4+ g6 45. Rb1 Qf6 46. Bxa2 c4 47. Qxc4 Bxg3 48. Qxf7+ Qxf7 49. Bxf7 Be5 50. Bd5 Kh8 51. Bg2 g5 52. Kf1 h5 53. Rb5 g4 54. Rxe5 gxh3 55. Rxh5+ Kg7 56. Rxh3 1-0


[Site "https://www.chess.com"]

[Event "Titled Tuesday Blitz June 13 Early 2023"]
[White "Vega Gutierrez, Sabrina"]
[Black "Albornoz Cabrera, Carlos Daniel"]
[WhiteFideId "2219026"]
[BlackFideId "3518736"]
[WhiteElo "2209"]
[BlackElo "2540"]
[Result "0-1"]
[Round "2"]
[TimeControl "180+2"]
[Date "2023.06.13"]
[WhiteClock "0:00:00"]
[BlackClock "0:01:08"]
[Board "80"]

1. e4 c6 2. d4 d5 3. exd5 cxd5 4. Bd3 Nf6 5. c3 g6 6. Nf3 Bg4 7. Nbd2 Bg7 8. O-O O-O 9. Re1 Nc6 10. h3 Bf5 11. Bxf5 gxf5 12. Ne5 Nxe5 13. dxe5 Ne4 14. Nxe4 dxe4 15. Qh5 e6 16. Bg5 f6 17. exf6 Bxf6 18. Bxf6 Qxf6 19. Rad1 Rad8 20. Rxd8 Rxd8 21. Rd1 Rxd1+ 22. Qxd1 Kf7 23. Kf1 Ke8 24. Qh5+ Qf7 25. Qg5 Kd7 26. Qf4 Kc6 27. Qe5 Qd7 28. Ke1 Qd5 29. Qxd5+ exd5 30. Kd2 f4 31. g3 fxg3 32. fxg3 Kd6 33. Ke3 Ke5 34. g4 b5 35. a3 a5 36. b4 axb4 37. axb4 h5 38. gxh5 Kf5 39. h4 Kf6 40. Kd4 Kg7 41. c4 dxc4 42. Kxe4 Kh6 43. Kd4 Kxh5 44. Kc5 c3 45. Kxb5 c2 0-1


[Site "https://www.chess.com"]

[Event "Titled Tuesday Blitz June 13 Early 2023"]
[White "Mogirzan, Matei-Valeriu"]
[Black "Danielyan, Vahe"]
[WhiteFideId "1257455"]
[BlackFideId "13304828"]
[WhiteElo "1733"]
[BlackElo "2423"]
[Result "0-1"]
[Round "2"]
[TimeControl "180+2"]
[Date "2023.06.13"]
[WhiteClock "0:00:00"]
[BlackClock "0:00:14"]
[Board "81"]

1. e4 c6 2. d4 d5 3. Nc3 dxe4 4. Nxe4 Nf6 5. Nxf6+ exf6 6. Bd3 Qxd4 7. Nf3 Qd8 8. Be3 Be7 9. Qe2 O-O 10. O-O-O Qc7 11. h4 Bg4 12. Bxh7+ Kh8 13. Bd3 Nd7 14. Bd4 Rfe8 15. Qd2 Bd6 16. Kb1 Ne5 17. Bxe5 Bxe5 18. Qb4 Qb6 19. Qxb6 axb6 20. Nxe5 Rxe5 21. f3 Be6 22. b3 Rea5 23. a4 b5 24. axb5 cxb5 25. Kc1 Rd8 26. Kd2 Ra2 27. Ra1 Bxb3 28. Kc3 Rxa1 29. Rxa1 Bc4 30. Bxc4 Rc8 31. Ra7 Rxc4+ 32. Kd3 Rxh4 33. Rxb7 b4 34. Rxf7 Rh2 35. Rb7 Rxg2 36. Rxb4 Rf2 37. Rf4 Kg8 38. c4 Kf7 39. Ke3 Rc2 40. Rd4 Ke6 41. Re4+ Kd6 42. Rd4+ Kc6 43. Re4 Rc1 44. Rg4 g5 45. Re4 Kd6 46. Rd4+ Ke5 47. Rd5+ Ke6 48. Rd4 Rc3+ 49. Ke2 Ke5 50. Re4+ Kf5 51. Kf2 Kg6 52. Kg3 f5 53. Re6+ Kf7 54. Rc6 g4 0-1


[Site "https://www.chess.com"]

[Event "Titled Tuesday Blitz June 13 Early 2023"]
[White "a-z30"]
[Black "Rastbod, Ali"]
[BlackFideId "12567477"]
[WhiteElo "2430"]
[BlackElo "2281"]
[Result "1-0"]
[Round "2"]
[TimeControl "180+2"]
[Date "2023.06.13"]
[WhiteClock "0:00:04"]
[BlackClock "0:00:00"]
[Board "82"]

1. d3 d5 2. Nf3 Nf6 3. g3 g6 4. Bg2 Bg7 5. O-O O-O 6. c4 d4 7. b4 a5 8. b5 c5 9. a4 b6 10. Ra2 Ra7 11. e4 dxe3 12. Bxe3 Bg4 13. h3 Bxf3 14. Bxf3 Nbd7 15. Nc3 Ne5 16. Be2 Rd7 17. Rd2 Ne8 18. Ne4 f5 19. Ng5 Nc7 20. Bf4 h6 21. Bxe5 Bxe5 22. Nf3 Bc3 23. Rc2 Bf6 24. Re1 e5 25. Qc1 Kg7 26. Bf1 Re8 27. Rce2 Rde7 28. Re3 Qd6 29. h4 Ne6 30. Nxe5 Nd4 31. Nc6 Nxc6 32. bxc6 Qxc6 33. Rxe7+ Rxe7 34. Rxe7+ Bxe7 35. Qd1 Bf6 36. h5 Bd4 37. Bg2 Qd6 38. Qf3 Qe7 39. hxg6 Kxg6 40. Qc6+ Kg7 41. Qf3 Qe1+ 42. Bf1 Kf6 43. Qc6+ Kg7 44. Qf3 Qe6 45. Bg2 Qf7 46. Bh3 f4 47. Qxf4 Qxf4 48. gxf4 Kf6 49. Kg2 Bc3 50. Kf3 Bb4 51. Ke4 Be1 52. f3 Bd2 53. Bf5 h5 54. Bh3 h4 55. Bg4 Be1 56. Bh3 Bb4 57. Kd5 Bd2 58. Kc6 Bb4 59. Kxb6 Kg6 60. Kc6 Kf6 61. Kd5 Bd2 62. Ke4 Bc3 63. f5 Bd4 64. f4 Bc3 65. Kd5 Bd4 66. Kc6 Be3 67. Kb5 Bxf4 68. Kxa5 Ke5 69. Kb6 Kd4 70. a5 1-0


[Site "https://www.chess.com"]

[Event "Titled Tuesday Blitz June 13 Early 2023"]
[White "Liyanage, Ranindu Dilshan"]
[Black "Grossboss19"]
[WhiteFideId "9915834"]
[WhiteElo "2216"]
[BlackElo "2424"]
[Result "1/2-1/2"]
[Round "2"]
[TimeControl "180+2"]
[Date "2023.06.13"]
[WhiteClock "0:00:05"]
[BlackClock "0:00:07"]
[Board "83"]

1. e4 c6 2. d4 d5 3. e5 Bf5 4. c4 e6 5. Nc3 Ne7 6. h3 Nd7 7. Nf3 dxc4 8. Bxc4 Nb6 9. Bd3 Bxd3 10. Qxd3 h6 11. O-O Nf5 12. Re1 Be7 13. Ne4 O-O 14. g4 Nh4 15. Nxh4 Bxh4 16. Bd2 Nd5 17. Rad1 Qb6 18. g5 hxg5 19. Bxg5 Bxg5 20. Nxg5 g6 21. Re4 Kg7 22. Qf3 Qd8 23. h4 Qe7 24. Kg2 Rh8 25. Rh1 Rh5 26. Rg4 Rah8 27. Rh3 a5 28. Qe4 Rf8 29. Rf3 Rh6 30. h5 Nc7 31. Rf6 Ne8 32. Nxf7 Nxf6 33. exf6+ Qxf6 34. Nxh6 g5 35. Qe3 Kxh6 36. Re4 Re8 37. Re5 Qf4 38. Rxe6+ Rxe6 39. Qxe6+ Kxh5 40. Qe8+ Kh6 41. Qh8+ Kg6 42. Qg8+ Kf5 43. Qf7+ Ke4 44. Qe6+ Kxd4 45. Qd7+ Kc5 46. Kf1 Qc4+ 47. Kg1 Qc1+ 48. Kg2 Qxb2 49. Qe7+ Kb6 50. Qd8+ Ka7 51. Qxa5+ Kb8 52. Qd8+ Ka7 53. Qa5+ Kb8 54. a4 Qf6 55. Qb6 Qe7 56. a5 Qe4+ 57. Kg1 Qg4+ 58. Kh2 Qh4+ 59. Kg2 Qg4+ 60. Kf1 Qd1+ 61. Kg2 Qg4+ 62. Kf1 Qd1+ 63. Kg2 Qg4+ 1/2-1/2


[Site "https://www.chess.com"]

[Event "Titled Tuesday Blitz June 13 Early 2023"]
[White "Gulkov, Igor A."]
[Black "gau_npukyputb"]
[WhiteFideId "4120973"]
[WhiteElo "2343"]
[BlackElo "2729"]
[Result "0-1"]
[Round "2"]
[TimeControl "180+2"]
[Date "2023.06.13"]
[WhiteClock "0:00:00"]
[BlackClock "0:00:37"]
[Board "84"]

1. Nf3 d5 2. d4 c6 3. c4 e6 4. Qc2 Nf6 5. g3 Nbd7 6. Bg2 b6 7. O-O Bb7 8. b3 Be7 9. Rd1 O-O 10. Nc3 Rc8 11. e4 dxe4 12. Nxe4 Nxe4 13. Qxe4 Qc7 14. Bf4 Bd6 15. Bxd6 Qxd6 16. c5 Qe7 17. b4 Rfd8 18. h4 h6 19. Rab1 Ba6 20. Qc2 Qf6 21. Rd2 e5 22. dxe5 Nxe5 23. Nxe5 Rxd2 24. Qxd2 Qxe5 25. Re1 Qc7 26. Qd6 bxc5 27. Re8+ Kh7 28. Be4+ g6 29. Bxg6+ Kg7 30. Qxc7 Rxc7 31. Be4 cxb4 0-1


[Site "https://www.chess.com"]